 Dungeon Crawl Stone Soup version 0.26.1-2-gb8aa6d0cf2 (webtiles) character file.

Game seed: 13508133045749140009

30 MalarOregon the Chiller (level 3, -3/22 HPs)
             Began as a Halfling Ice Elementalist on Mar 29, 2021.
             Slain by a worm (11 damage)
             ... on level 2 of the Dungeon.
             The game lasted 00:02:24 (1611 turns).

MalarOregon the Chiller (Halfling Ice Elementalist) Turns: 1611, Time: 00:02:24

Health: -3/22      AC:  2    Str:  9    XL:     3   Next: 37%
Magic:  1/5        EV: 15    Int: 14    God:
Gold:   15         SH:  0    Dex: 14    Spells: 1/5 levels left

rFire    . . .     SeeInvis .   (weapon restricted)
rCold    . . .     Faith    .   (shield restricted)
rNeg     . . .     Spirit   .   a - +0 robe
rPois    .         Reflect  .   (no helmet)
rElec    .         Harm     .   (no cloak)
rCorr    .         Rampage  .   (no gloves)
Will     .....                  (no boots)
Stlth    ++........             (no amulet)
HPRegen  0.07/turn              (no ring)
MPRegen  0.09/turn              (no ring)

@: no status effects
A: small, mutation resistance 1
a: no special abilities


You were on level 2 of the Dungeon.
You visited 1 branch of the dungeon, and saw 2 of its levels.

You collected 15 gold pieces.

Inventory:

Armour
 a - a +0 robe (worn)
Scrolls
 b - a scroll of remove curse {unknown}
 d - 2 scrolls of identify {unknown}
 e - a scroll of blinking {unknown}
 g - a scroll of fog {unknown}
Potions
 c - a potion of heal wounds {unknown}
 f - a potion of curing {unknown}
 h - a potion of lignification {unknown}


   Skills:
 + Level 0.8 Fighting
 + Level 1.0 Armour
 + Level 2.5 Dodging
 - Level 2.1 Stealth
 + Level 1.8 Spellcasting
 * Level 4.3 Ice Magic


You had one spell level left.
You knew the following spells:

 Your Spells              Type           Power        Failure   Level
a - Freeze                Ice            52%          4%          1
b - Frozen Ramparts       Ice            26%          12%         3

Your spell library contained the following spells:

 Spells                   Type           Power        Failure   Level
 Ozocubu's Armour         Ice            13%          12%         3
 Hailstorm                Conj/Ice       7%           69%         4
 Summon Ice Beast         Ice/Summ       7%           69%         4


Dungeon Overview and Level Annotations

Branches:
Dungeon (2/15)

Altars:


Innate Abilities, Weirdness & Mutations

You are small and have problems with some larger weapons.
You are somewhat resistant to further mutation.


Message History

The bat hits you but does no damage. The bat misses you.
You freeze the bat. The bat closely misses you. The bat misses you.
You freeze the bat. The bat completely misses you.
You freeze the bat.
You kill the bat!
h - an emerald potion A rat comes into view.
A rat is nearby!
You freeze the rat!
You kill the rat!
Your Armour skill increases to level 1!
You see here a rat corpse.
A ball python comes into view.
A ball python is nearby!
A ball python is nearby!
A ball python is nearby!
A frilled lizard comes into view.
You freeze the ball python.
You kill the ball python!
The frilled lizard bites you.
You freeze the frilled lizard.
You kill the frilled lizard!
A bat comes into view.
A bat is nearby!
A bat is nearby!
The bat closely misses you. x2
You miss the bat. The bat hits you. The bat misses you.
You freeze the bat!
You kill the bat!
Found a stone staircase leading up and a stone staircase leading down.
You see here a bat corpse.
There is a stone staircase leading up here.
There is a stone staircase leading down here.
There is a stone staircase leading down here.
There is a stone staircase leading up here.
You see here a bat corpse.
Found a stone staircase leading down.
Found 13 sling bullets.
A worm comes into view.
A worm is nearby!
A worm is nearby!
You see here 13 sling bullets.
You freeze the worm. The worm bites you.
You freeze the worm. You freeze the worm. The worm bites you!
* * * LOW HITPOINT WARNING * * *
Aim: a worm (moderately wounded)
You freeze the worm. The worm bites you!
Ouch! That really hurt!
You die...

.# ##########
.# #........#
.#
#>#############
.# #.#
#..(...@.# .#
#<####.######w#
.# #.#......#
.#
.####.##.#.#.#
.#
....†.#..>.#.#
##
.######....#.#
......##.#.#.#
.####.##.#.#.#
.# #.##.#.#.#


You could see a worm.

Vanquished Creatures
  3 dart slugs (D:1)
  4 bats
  4 hobgoblins (D:1)
  A ball python (D:2)
  5 frilled lizards
  2 goblins (D:1)
  5 kobolds (D:1)
  A rat (D:2)
25 creatures vanquished.

Notes
Turn   | Place    | Note
-------+----------+-------------------------------------------
     0 | D:1      | MalarOregon the Halfling Ice Elementalist began the quest
                  | for the Orb.
     0 | D:1      | Reached XP level 1. HP: 11/11 MP: 3/3
   228 | D:1      | Reached XP level 2. HP: 16/17 MP: 0/4
   974 | D:1      | Reached XP level 3. HP: 22/22 MP: 3/5
  1383 | D:1      | Learned a level 3 spell: Frozen Ramparts
  1467 | D:2      | Reached skill level 1 in Armour
  1611 | D:2      | Slain by a worm

Illustrated notes

Levels and vault maps discovered:
D:1:      matt_arrival_grand_opening, layout_basic, minmay_misc_feat_x
D:2:      layout_basic, okawaru_trees_2, amethyst_killhole

Skill      XL: |  1  2  3 |
---------------+----------+-----
Armour         | 1 |  1.0
Fighting       | |  0.8
Dodging        | |  2.5
Stealth        | |  2.1
Spellcasting   | |  1.8
Ice Magic      | |  4.3

Action                   || total
-------------------------++-------
Melee: Unarmed           ||    20
 Cast: Freeze            ||    49
Armor: Robe              ||     9
Dodge: Dodged            ||    81
